[Event "*** Titled Tuesday Blitz"]
[Site "Chess.com"]
[Date "2021.04.27"]
[Round "8"]
[White "Apocalyps999"]
[Black "scandalgod"]
[Result "0-1"]
[WhiteElo "2460"]
[BlackElo "2590"]
[TimeControl "180+1"]
[EndTime "11:27:09 PDT"]
[Termination "scandalgod won on time"]

1. e4 e5 2. Nf3 Nc6 3. Bc4 Nf6 4. d3 Be7 5. O-O O-O 6. c3 d6 7. Nbd2 Na5 8. Bb5 a6 9. Ba4 b5 10. Bc2 c5 11. Re1 Nc6 12. Nf1 Re8 13. h3 Bf8 14. g4 g6 15. Ng3 Be6 16. d4 cxd4 17. cxd4 exd4 18. Nxd4 Nxd4 19. Qxd4 Bg7 20. Qd3 Rc8 21. Bf4 d5 22. e5 Nd7 23. b4 Nb6 24. Be3 Nc4 25. Bd4 Qg5 26. Rad1 Bxe5 27. h4 Qf4 28. g5 Bg4 29. Bxe5 Nxe5 30. Qxd5 Nf3+ 31. Kf1 Nxe1 32. Rxe1 Rxe1+ 33. Kxe1 Qc1+ 34. Bd1 Re8+ 0-1

[Event "*** Titled Tuesday Blitz"]
[Site "Chess.com"]
[Date "2021.04.27"]
[Round "8"]
[White "AryanTari"]
[Black "Leonid_Starozhilov"]
[Result "0-1"]
[WhiteElo "2873"]
[BlackElo "2690"]
[TimeControl "180+1"]
[EndTime "11:27:10 PDT"]
[Termination "Leonid_Starozhilov won by resignation"]

1. e4 c5 2. Nc3 e6 3. f4 d5 4. Nf3 d4 5. Bb5+ Bd7 6. Bxd7+ Qxd7 7. Ne2 Nc6 8. d3 f5 9. O-O Nf6 10. Ng3 g6 11. Qe1 O-O-O 12. Bd2 fxe4 13. Nxe4 Nd5 14. c4 Ne3 15. Bxe3 dxe3 16. Rd1 Nd4 17. Qxe3 Nxf3+ 18. Qxf3 Bg7 19. Kh1 Bd4 20. a3 Rhf8 21. b4 e5 22. bxc5 Rxf4 23. Qg3 Rdf8 24. Rxf4 Rxf4 25. h3 Kc7 26.
Rb1 b6 27. cxb6+ axb6 28. Qg5 Qf7 29. Kh2 h6 30. Qg3 h5 31. Qg5 Rf5 32. Qd2 Rf1 33. Re1 Bg1+ 34. Kh1 Be3+ 35. Rxf1 Qxf1+ 36. Kh2 Bxd2 0-1

[Event "*** Titled Tuesday Blitz"]
[Site "Chess.com"]
[Date "2021.04.27"]
[Round "8"]
[White "adriangschnitzer"]
[Black "fyall777"]
[Result "1-0"]
[WhiteElo "2509"]
[BlackElo "2406"]
[TimeControl "180+1"]
[EndTime "11:27:11 PDT"]
[Termination "adriangschnitzer won on time"]

1. e4 e5 2. Nf3 Nf6 3. Nxe5 d6 4. Nxf7 Kxf7 5. Nc3 c5 6. Bc4+ Be6 7. Bxe6+ Kxe6 8. O-O Nc6 9. f4 Kd7 10. d4 cxd4 11. Nd5 Nxd5 12. exd5 Ne7 13. Qf3 Qb6 14. c4 g6 15.
Kh1 Re8 16. Bd2 Nf5 17. b4 Bg7 18. Rac1 Qa6 19. c5 Kc8 20. cxd6+ Kb8 21. d7 Rd8 22. b5 Qd6 23. Rc6 bxc6 24. bxc6 Ka8 25. Ba5 Ne3 26. Bxd8 Nxf1 27. Ba5 Ne3 28. c7 1-0

[Event "*** Titled Tuesday Blitz"]
[Site "Chess.com"]
[Date "2021.04.27"]
[Round "8"]
[White "GameOverBro"]
[Black "PavelShkapenko"]
[Result "0-1"]
[WhiteElo "2519"]
[BlackElo "2671"]
[TimeControl "180+1"]
[EndTime "11:27:12 PDT"]
[Termination "PavelShkapenko won by resignation"]

1. e4 e5 2. Nf3 Nc6 3. Bb5 Bc5 4. c3 f5 5. d4 fxe4 6. dxc5 exf3 7. Qxf3 Nf6 8. Bg5 O-O 9. Nd2 Qe8 10. O-O-O Qg6 11.
h4 d6 12. Bd3 Qe8 13. Ne4 Nxe4 14. Qxe4 Bf5 15. Qd5+ Be6 16. Qe4 Bf5 17. Qd5+ Kh8 18. Bxf5 Rxf5 19. cxd6 cxd6 20. Qxd6 Rxf2 21. Rhf1 Rxf1 22.
Rxf1 Rc8 23. g4 Qg8 24. Kb1 h6 25. Bxh6 Qh7+ 26. Ka1 Qxh6 27. Rf8+ Rxf8 28. Qxf8+ Kh7 29. a4 Qf4 30. Qc8 Qxa4+ 31. Kb1 Qe4+ 32. Ka2 Qa4+ 33.
Kb1 Qd1+ 34. Ka2 Qd5+ 35. Kb1 e4 36. h5 e3 37. Qe8 Qd3+ 38. Ka1 Qd1+ 39. Ka2 Qxg4 40.
Qxe3 Qxh5 41. b4 Qd5+ 42. Ka3 g5 43. Qh3+ Kg6 44. Qg4 Ne5 45. Qc8 Nc4+ 0-1

[Event "*** Titled Tuesday Blitz"]
[Site "Chess.com"]
[Date "2021.04.27"]
[Round "8"]
[White "NateSolon"]
[Black "Aslanov_Umid"]
[Result "1-0"]
[WhiteElo "2628"]
[BlackElo "2443"]
[TimeControl "180+1"]
[EndTime "11:27:12 PDT"]
[Termination "NateSolon won by resignation"]

1. d4 d5 2. c4 e6 3. Nf3 c6 4. g3 Nf6 5. Bg2 Bb4+ 6. Nbd2 O-O 7. O-O Nbd7 8. Qc2 b6 9. e4 dxe4 10. Nxe4 Nxe4 11. Qxe4 Bb7 12. Rd1 Bd6 13. b3 Nf6 14. Qc2 Qe7 15. Bb2 c5 16. d5 exd5 17. Ng5 g6 18.
cxd5 Nd7 19. h4 Rae8 20. Bc3 Ne5 21. Re1 Qc7 22. Ne4 f5 23. Nxd6 Qxd6 24. Rad1 Ng4 25. Bb2 f4 26. Qc3 Rxe1+ 27. Rxe1 Qf6 28. Qd2 Qf7 29. Bh3 fxg3 30. fxg3 Nf2 31. Be6 Nh3+ 32.
Kh2 Qxe6 33. dxe6 Rf2+ 34. Qxf2 Nxf2 35. e7 Bc6 36. e8=Q+ 1-0

[Event "*** Titled Tuesday Blitz"]
[Site "Chess.com"]
[Date "2021.04.27"]
[Round "8"]
[White "Sergey85Rodchenkov"]
[Black "Legendinunknown"]
[Result "1-0"]
[WhiteElo "2530"]
[BlackElo "2595"]
[TimeControl "180+1"]
[EndTime "11:27:14 PDT"]
[Termination "Sergey85Rodchenkov won by checkmate"]

1. e4 c5 2. Nf3 d6 3. d4 cxd4 4. Nxd4 Nf6 5. Nc3 Nc6 6. Bc4 e6 7. O-O Be7 8. Kh1 O-O 9. f4 a6 10. Bb3 Qc7 11. f5 Nxd4 12. Qxd4 b5 13. Bg5 b4 14. Qxb4 d5 15. Qd4 dxe4 16. Nxe4 Nxe4 17.
Bxe7 Qxe7 18. Qxe4 Bb7 19. Qg4 exf5 20. Qxf5 Rad8 21.
Rf2 Kh8 22. Raf1 Be4 23. Qa5 Rd6 24. Qc5 f5 25. Kg1 Rfd8 26. c3 h6 27. Re1 Qg5 28. Qe3 Qh5 29. Qf4 Qg6 30. h3 a5 31.
Kh2 Qf6 32. g4 g5 33. Qe3 Rd3 34. Qc5 Qd6+ 35. Qxd6 R8xd6 36. gxf5 Bxf5 37. Rxf5 Rd2+ 38. Kg3 Rxb2 39. Re7 Rd8 40. Rff7 Rd3+ 41. Kg4 Rg2+ 42. Kh5 Rd8 43. Rh7# 1-0

[Event "*** Titled Tuesday Blitz"]
[Site "Chess.com"]
[Date "2021.04.27"]
[Round "8"]
[White "Caterpiller35"]
[Black "dosto07"]
[Result "1-0"]
[WhiteElo "2480"]
[BlackElo "2308"]
[TimeControl "180+1"]
[EndTime "11:27:14 PDT"]
[Termination "Caterpiller35 won on time"]

1. d4 d5 2. Bf4 Nf6 3. e3 c5 4. c3 Nc6 5. Nd2 cxd4 6. exd4 Bg4 7. Qb3 Qc8 8. Bd3 e6 9. Ngf3 Be7 10. O-O O-O 11.
Rae1 Bh5 12. Ne5 Nxe5 13. Bxe5 Bg6 14. Bxg6 hxg6 15. Bxf6 Bxf6 16. Nf3 Qc4 17. g3 b5 18.
Nd2 Qxb3 19. Nxb3 a5 20. Nc5 b4 21. Rb1 Be7 22. Na4 Rab8 23. Rfc1 Rfc8 24. cxb4 Rxc1+ 25. Rxc1 Rxb4 26. Rc8+ Kh7 27. b3 Rxd4 28. Rc7 Bf6 29.
Rxf7 g5 30. Kg2 Kg6 31. Rd7 Rd2 32. Nc5 Kf5 33. g4+ Kxg4 34. Nxe6 g6 35. Nc7 d4 36.
Nd5 Be5 37. Rf7 Rxa2 38. h3+ 1-0

[Event "*** Titled Tuesday Blitz"]
[Site "Chess.com"]
[Date "2021.04.27"]
[Round "8"]
[White "chessbia"]
[Black "RafalBRC"]
[Result "1-0"]
[WhiteElo "2335"]
[BlackElo "2177"]
[TimeControl "180+1"]
[EndTime "11:27:17 PDT"]
[Termination "chessbia won by resignation"]

1. d4 Nf6 2. c4 e6 3. Nc3 Bb4 4.
Qc2 O-O 5. Nf3 d5 6. cxd5 exd5 7.
Bf4 c5 8. dxc5 Nc6 9. e3 d4 10. O-O-O Bg4 11. Bd6 Re8 12. exd4 Bxc3 13. bxc3 Ne4 14.
Bg3 Qa5 15. Rd3 Bf5 16. Qb3 b6 17. cxb6 axb6 18. Kb2 b5 19. Re3 b4 20. c4 Qb6 21.
c5 Qd8 22. Bc4 Nxd4 23. Bxf7+ Kh8 24. Qd5 Qxd5 25. Bxd5 Nxg3 26. hxg3 Rxe3 27. fxe3 Rd8 28. e4 Bxe4 29. Bxe4 Ne2 30. Rxh7+ Kg8 31. Rh4 Nxg3 32. c6 Nxe4 33. Rxe4 Rc8 34. Rc4 Kf7 35. Kb3 Ke6 36.
Kxb4 Kd6 37. Nd4 Rxc6 38. Rxc6+ 1-0

[Event "*** Titled Tuesday Blitz"]
[Site "Chess.com"]
[Date "2021.04.27"]
[Round "8"]
[White "HouseOfDurin"]
[Black "AEMEffi"]
[Result "0-1"]
[WhiteElo "2127"]
[BlackElo "2315"]
[TimeControl "180+1"]
[EndTime "11:27:17 PDT"]
[Termination "AEMEffi won on time"]

1. d4 Nf6 2. Bg5 g6 3. Bxf6 exf6 4. c4 f5 5. Nc3 Bg7 6. g3 O-O 7. Bg2 d6 8. e3 c6 9. Nge2 Nd7 10. O-O Nf6 11.
b4 Re8 12. Qd3 h5 13. h4 a5 14. b5 Bd7 15. a4 Qe7 16. Nf4 Ng4 17. bxc6 bxc6 18. Rab1 Rab8 19. Rxb8 Rxb8 20. Rb1 Qd8 21.
Rxb8 Qxb8 22. Qb1 Qxb1+ 23. Nxb1 c5 24. dxc5 dxc5 25. Nd3 Bxa4 26. Nxc5 Bc2 27. Na3 Bd1 28. Nd7 Ne5 29. Nb6 Bf8 30. Nb5 Bc5 31. Nd5 Nxc4 32. Bf1 Nd6 33. Nbc3 Bb3 34. Nf6+ Kg7 35. Nd7 Bb4 36.
Nb1 a4 37. Nb6 a3 0-1

[Event "*** Titled Tuesday Blitz"]
[Site "Chess.com"]
[Date "2021.04.27"]
[Round "8"]
[White "TimofeevAr"]
[Black "PolandHussars"]
[Result "1-0"]
[WhiteElo "2819"]
[BlackElo "2623"]
[TimeControl "180+1"]
[EndTime "11:27:18 PDT"]
[Termination "TimofeevAr won by checkmate"]

1. c4 g6 2. Nc3 Bg7 3. g3 e5 4. Bg2 c5 5. Nf3 Ne7 6. O-O Nbc6 7. Ne1 O-O 8. Nc2 d6 9. Ne3 Be6 10. d3 h6 11. a3 a5 12. Bd2 Kh7 13. Rb1 f5 14. Ned5 g5 15. b4 axb4 16. axb4 Rb8 17. bxc5 dxc5 18. Re1 Nd4 19. e3 Ndc6 20. Nxe7 Qxe7 21.
Nd5 Qd6 22. Qa4 b5 23. Rxb5 Rxb5 24. Qxb5 Rb8 25. Qa4 Nb4 26. Bxb4 cxb4 27. Rb1 Bxd5 28. Bxd5 Qb6 29. Rb3 f4 30. gxf4 exf4 31. d4 fxe3 32. fxe3 Bxd4 33. Qd7+ Kh8 34. Be4 Bxe3+ 35. Kg2 Qa7 36. Qf5 Bd4 37. Rd3 Bc3 38. Rd7 Qa2+ 39. Kh3 g4+ 40. Qxg4 Qf2 41. Rh7# 1-0

[Event "*** Titled Tuesday Blitz"]
[Site "Chess.com"]
[Date "2021.04.27"]
[Round "8"]
[White "ybruned"]
[Black "nss13"]
[Result "1-0"]
[WhiteElo "2391"]
[BlackElo "2530"]
[TimeControl "180+1"]
[EndTime "11:27:18 PDT"]
[Termination "ybruned won by resignation"]

1. b3 d5 2. Bb2 Bg4 3. f3 Bh5 4. e4 dxe4 5. Qe2 c6 6. Nc3 Nf6 7. O-O-O exf3 8. Nxf3 Nbd7 9. h3 e6 10. g4 Bg6 11. h4 h6 12. Bh3 Qa5 13. g5 hxg5 14. hxg5 Nh5 15. Bxe6 O-O-O 16. Bxd7+ Rxd7 17. Ne5 Ng3 18. Qg4 Rxh1 19. Qxd7+ Kb8 20. Qe8+ Kc7 21.
Qd7+ Kb8 22. Qe8+ Kc7 23. Rxh1 Nxh1 24. Nxg6 fxg6 25. Qxf8 Qxg5 26. Qxg7+ Kb6 27. Qd4+ Ka6 28. Qc4+ Kb6 29. Na4+ Kc7 30. Qf7+ Kd6 31. Qf8+ Ke6 32. Qe8+ Kf5 33. Qd7+ Kf4 34. Qd4+ Kf3 35. Qxa7 Nf2 36. Qe3+ Qxe3 37. dxe3 g5 38. Be5 g4 39. Nc5 Kxe3 40.
Nxb7 Nh3 41. Bh2 Kf3 42. Nd8 Kg2 43. Bd6 Kf3 44. Nxc6 Nf4 45. Nd4+ Ke4 46. Bxf4 Kxf4 47. Kd2 Ke4 48. Ne2 1-0

[Event "*** Titled Tuesday Blitz"]
[Site "Chess.com"]
[Date "2021.04.27"]
[Round "8"]
[White "ADODOVE"]
[Black "lacafi"]
[Result "0-1"]
[WhiteElo "1959"]
[BlackElo "2169"]
[TimeControl "180+1"]
[EndTime "11:27:18 PDT"]
[Termination "lacafi won on time"]

1. e4 c6 2. c4 d5 3. exd5 cxd5 4. cxd5 Nf6 5. Nc3 Nxd5 6. Nf3 Nc6 7. d4 g6 8. Qb3 Nxc3 9. Bc4 e6 10. bxc3 Bg7 11.
Ba3 Qc7 12. O-O Bd7 13. Rab1 Rb8 14. Rfe1 Na5 15. Qb4 Bf8 16. Bxe6 fxe6 17. Qb2 Nc4 18. Bxf8 Nxb2 19. Bg7 Rg8 20. Be5 Qxc3 21. Bxb8 Nd3 22. Re3 Qc2 23. Rf1 Bb5 24. d5 e5 25. Bxe5 Nxe5 26.
Rxe5+ Kd8 27. Rfe1 Rf8 28. d6 Bc6 29. R5e2 Qc5 30.
Ne5 Qxd6 31. Nxc6+ bxc6 32. f3 Kc7 33. Rc2 Rd8 34.
Rec1 Qd4+ 35. Kf1 Rd6 0-1

[Event "*** Titled Tuesday Blitz"]
[Site "Chess.com"]
[Date "2021.04.27"]
[Round "8"]
[White "elcandado"]
[Black "ferch1ni"]
[Result "1-0"]
[WhiteElo "2622"]
[BlackElo "2371"]
[TimeControl "180+1"]
[EndTime "11:27:22 PDT"]
[Termination "elcandado won by checkmate"]

1. d4 Nf6 2. Bf4 d5 3. e3 c5 4. c3 Nc6 5. Nd2 e6 6. Ngf3 Bd6 7. Bg3 O-O 8. Bd3 b6 9. e4 dxe4 10. Nxe4 Nxe4 11. Bxe4 Bb7 12. dxc5 Bxc5 13. Qa4 Na5 14. Rd1 Qe8 15. Bxh7+ Kxh7 16. Qh4+ Kg6 17. Qg5+ Kh7 18. Qh5+ Kg8 19. Ng5 Bxf2+ 20. Bxf2 Be4 21. Nxe4 f6 22. Qxe8 Rfxe8 23. b3 Nc6 24. Ke2 Re7 25. Rd6 Ne5 26.
Bg3 Nf7 27. Rd2 e5 28. Nd6 Nh6 29. Rhd1 f5 30. Bh4 Re6 31. Bg5 Rg6 32. Bxh6 gxh6 33. Nxf5 Rxg2+ 34. Ke3 Rxd2 35. Rxd2 Kh7 36. Rd6 Rf8 37.
Rxh6+ Kg8 38. Ke4 Rd8 39. Rd6 Rc8 40. c4 Kf7 41. Rxb6 Rh8 42. Rh6 Rg8 43. Kxe5 Rg2 44.
Rh7+ Kf8 45. Rxa7 Rxh2 46. c5 Rc2 47. Kd5 Rd2+ 48. Nd4 Ke8 49. c6 Kd8 50. b4 Kc8 51. b5 Rb2 52. a4 Rh2 53. Rb7 Rh5+ 54.
Kc4 Rh1 55. Kc5 Ra1 56. Kb6 Rxa4 57. Nb3 Rg4 58. Nc5 Rg6 59. Na6 Kd8 60. Rd7+ Kc8 61.
Rh7 Rf6 62. Rh8+ Rf8 63. Rxf8# 1-0

[Event "*** Titled Tuesday Blitz"]
[Site "Chess.com"]
[Date "2021.04.27"]
[Round "8"]
[White "Artem_Sadovsky"]
[Black "AlexSuv"]
[Result "0-1"]
[WhiteElo "2685"]
[BlackElo "2577"]
[TimeControl "180+1"]
[EndTime "11:27:23 PDT"]
[Termination "AlexSuv won on time"]

1. Nf3 d5 2. c4 e6 3. b3 Nf6 4. Bb2 c5 5. e3 Nc6 6. Be2 d4 7. exd4 cxd4 8. d3 Bd6 9. a3 e5 10. b4 a5 11. c5 Bc7 12. b5 Ne7 13. Nbd2 Ned5 14. Nc4 Qe7 15. Rc1 O-O 16. O-O a4 17. b6 Bb8 18. Re1 Qxc5 19. Nfxe5 Rd8 20. Bf3 Be6 21. Qd2 Nxb6 22. Bxb7 Nxc4 23. Bxa8 Bxe5 24. Bf3 Nxd2 25. Rxc5 Nxf3+ 26. gxf3 Bf4 27. Ra5 Bb3 28. Re2 h5 29. h4 Kh7 30. Kg2 Kg6 31. Ra6 Rd5 32. Re4 Be5 33. f4 Bb8 34. Rxd4 Rc5 35. Re4 Bd5 0-1

[Event "*** Titled Tuesday Blitz"]
[Site "Chess.com"]
[Date "2021.04.27"]
[Round "8"]
[White "PavelChernomordik"]
[Black "shaheus"]
[Result "1-0"]
[WhiteElo "2388"]
[BlackElo "2172"]
[TimeControl "180+1"]
[EndTime "11:27:23 PDT"]
[Termination "PavelChernomordik won by resignation"]

1. e4 c5 2. Nc3 Nc6 3. Bb5 g6 4. Bxc6 bxc6 5. f4 Bg7 6. Nf3 d6 7. O-O e6 8. d3 Ne7 9. Be3 O-O 10. Bf2 Rb8 11. Rb1 Ba6 12. e5 c4 13. exd6 Qxd6 14. dxc4 Qxd1 15. Rfxd1 Bxc4 16. Bxa7 Rb7 17. Bc5 Ra8 18.
Ne5 Bxe5 19. fxe5 Nd5 20. Bd4 c5 21. Bxc5 Nxc3 22. bxc3 Rxb1 23. Rxb1 Bxa2 24. Ra1 Bd5 25. Rxa8+ Bxa8 26. g3 Kg7 27. Be7 g5 28. Bxg5 Be4 29. Kf2 Bxc2 30. c4 Bd3 31. c5 Be4 32. Ke3 Bc6 33. Kd4 Kg6 34. Bf4 Kf5 35. h4 h5 36.
Kc4 Ke4 37. Kb4 Kd5 38. g4 hxg4 39. h5 Ke4 40. Bh2 g3 41. Bxg3 Kf5 42. h6 Kg6 43. Bf4 f6 44. exf6 Kxf6 45. Ka5 Kg6 46. Kb6 Bd5 47. c6 Bxc6 48. Kxc6 e5 49. Be3 e4 50.
Kd5 1-0

[Event "*** Titled Tuesday Blitz"]
[Site "Chess.com"]
[Date "2021.04.27"]
[Round "8"]
[White "jefferyx"]
[Black "dretch"]
[Result "0-1"]
[WhiteElo "3000"]
[BlackElo "2853"]
[TimeControl "180+1"]
[EndTime "11:27:24 PDT"]
[Termination "dretch won on time"]

1. e4 e6 2. d4 d5 3. exd5 exd5 4. Nf3 Bd6 5. c4 Nf6 6. c5 Be7 7. Bd3 O-O 8. O-O b6 9. Be3 Ng4 10. Bf4 bxc5 11. dxc5 Ba6 12. h3 Bxd3 13. Qxd3 Nf6 14. Rc1 Ne4 15. Be3 Nc6 16. Nbd2 Nb4 17. Qe2 Bf6 18.
Nb3 Nc6 19. Rd1 Re8 20. Qb5 Re6 21. Nbd4 Nxd4 22. Nxd4 Bxd4 23. Rxd4 c6 24. Qb4 a5 25. Qa3 Qe7 26. b4 Ng3 27. Re1 Nf5 28. Rdd1 Nxe3 29.
Rxe3 Rxe3 30. fxe3 g6 31. b5 cxb5 32. Rxd5 b4 33. Qd3 a4 34. c6 Rc8 35. Rd7 Qc5 36.
Qd5 Qxd5 37. Rxd5 Rxc6 38. Rd4 Rb6 39. Kf2 b3 40. axb3 axb3 41. Rd1 b2 42. Rb1 Kg7 0-1

[Event "*** Titled Tuesday Blitz"]
[Site "Chess.com"]
[Date "2021.04.27"]
[Round "8"]
[White "FMalexhdez"]
[Black "KubaGepard"]
[Result "0-1"]
[WhiteElo "2257"]
[BlackElo "2395"]
[TimeControl "180+1"]
[EndTime "11:27:24 PDT"]
[Termination "KubaGepard won on time"]

1. e4 e5 2. Nf3 Nc6 3. Bc4 Bc5 4. O-O Nf6 5. d3 O-O 6. c3 d6 7. Nbd2 a6 8. Bb3 Ba7 9. h3 h6 10. Re1 Nh5 11. Nf1 Qf6 12. Be3 Bxe3 13. fxe3 Qe7 14. d4 Nf6 15. Ng3 g6 16. Nh2 Kg7 17. Qf3 Na5 18.
Rf1 Be6 19. Bxe6 Qxe6 20. d5 Qe7 21. Ng4 Nxg4 22. hxg4 Nc4 23. Rf2 Nb6 24. Raf1 Nd7 25. Qe2 Nb6 26. b3 a5 27. a4 Qg5 28. Rf6 Qxf6 29.
Rxf6 Kxf6 30. Qf2+ Kg7 31. Nf1 c5 32. c4 Nd7 33. Ng3 f6 34. Qf3 Rf7 35. Kf2 Raf8 36. Ke2 Nb6 37. Kd3 Nc8 38. Ke2 Ne7 39. Kd2 Kh7 40. Ke2 f5 41. exf5 gxf5 42. gxf5 Nxf5 43.
Nxf5 Rxf5 44. Qe4 Kg7 45. Kd3 h5 46. Qh4 R8f7 47. Qd8 R5f6 48. Qxa5 Rg6 49. Qd8 Rf2 50. Ke4 Rfxg2 51. a5 R2g4+ 52. Kd3 e4+ 53. Kc3 h4 54. Qd7+ Kh6 55. Qxb7 h3 0-1

[Event "*** Titled Tuesday Blitz"]
[Site "Chess.com"]
[Date "2021.04.27"]
[Round "8"]
[White "ChristopherYoo"]
[Black "Vesper2018"]
[Result "1-0"]
[WhiteElo "2930"]
[BlackElo "2566"]
[TimeControl "180+1"]
[EndTime "11:27:25 PDT"]
[Termination "ChristopherYoo won on time"]

1. e4 c5 2. Nf3 d6 3. d4 cxd4 4. Nxd4 Nf6 5. Nc3 a6 6. a3 e5 7. Nf5 g6 8. Ne3 Bg7 9. Ned5 Nxd5 10. Nxd5 Be6 11. Be3 Nd7 12. Be2 O-O 13. O-O Rc8 14. c3 f5 15. f3 Kh8 16. Qd2 Nc5 17. Qc2 fxe4 18. fxe4 Qh4 19. Bf3 Bxd5 20. exd5 e4 21. Bxc5 exf3 22. Bxd6 f2+ 23. Kh1 Rf5 24. Qd3 Rd8 25. Bg3 Qg4 26. d6 Be5 27. Bxe5+ Rxe5 28. Rxf2 Qe6 29. Qf3 Rf5 30. Qg3 Rxf2 31. Qxf2 Qxd6 32. h3 Qe7 33. Rf1 b5 34. Qf4 Qg7 35. Re1 Rf8 36.
Qd6 h6 37. Re6 Rg8 38. Re7 Qf8 39. Qe5+ Rg7 40. Re8 1-0

[Event "*** Titled Tuesday Blitz"]
[Site "Chess.com"]
[Date "2021.04.27"]
[Round "8"]
[White "Hypercar"]
[Black "frederiksvane"]
[Result "0-1"]
[WhiteElo "2603"]
[BlackElo "2735"]
[TimeControl "180+1"]
[EndTime "11:27:25 PDT"]
[Termination "frederiksvane won by resignation"]

1. d4 Nf6 2. Nf3 e6 3. g3 b5 4.
Bg2 Bb7 5. O-O c5 6. a4 bxa4 7. Rxa4 Be7 8. b3 O-O 9. Bb2 cxd4 10. Nxd4 Bxg2 11. Kxg2 Qc7 12. Nd2 Qb7+ 13. f3 Nc6 14. Nxc6 Qxc6 15. e4 d5 16. Bxf6 Bxf6 17. exd5 exd5 18.
Rf2 Rfc8 19. Nf1 d4 20. Rc4 Qd5 21. Nd2 Rxc4 22. Nxc4 h5 23. Qd3 g6 24. Qe4 Qd8 25.
Re2 a5 26. g4 hxg4 27. fxg4 a4 28. bxa4 Rxa4 29. Qe8+ Qxe8 30. Rxe8+ Kg7 31. Rc8 Ra2 32.
Nd6 d3 33. Ne8+ Kh6 34. Kf3 Rxc2 35. Ra8 d2 36. Ke2 Bc3 37. Nd6 Rc1 38. g5+ Kh5 39.
Rh8+ Kg4 40. h3+ Kf4 41. Rh4+ Kxg5 42. Rg4+ Kh5 43. Rg1 Re1+ 44. Rxe1 dxe1=Q+ 0-1

[Event "*** Titled Tuesday Blitz"]
[Site "Chess.com"]
[Date "2021.04.27"]
[Round "8"]
[White "moro182"]
[Black "PotapovaM"]
[Result "1-0"]
[WhiteElo "2706"]
[BlackElo "2571"]
[TimeControl "180+1"]
[EndTime "11:27:25 PDT"]
[Termination "moro182 won by resignation"]

1. d4 Nf6 2. c4 e6 3. Nc3 Bb4 4. Nf3 O-O 5. Bg5 c5 6. Rc1 cxd4 7. Nxd4 h6 8. Bh4 Nc6 9. e3 d5 10.
cxd5 exd5 11. Be2 g5 12. Bg3 Ne4 13. O-O Bxc3 14. bxc3 Be6 15. Nxe6 fxe6 16. c4 d4 17. Qd3 Nxg3 18. Qg6+ Kh8 19. Qxh6+ Kg8 20. Qg6+ Kh8 21. hxg3 Qf6 22. Qxf6+ Rxf6 23. exd4 Nxd4 24. Bd3 b6 25. c5 bxc5 26. Rxc5 Rd8 27. Rxg5 Rh6 28. Rb1 Nc6 29. Be4 Nd4 30. Bf3 Rc8 31. g4 Rf6 32.
Be4 Rh6 33. Rh5 Rxh5 34. gxh5 Ne2+ 35. Kh2 Nc3 36. Rc1 Rc5 37. Bf3 a5 38. Rc2 e5 39.
Kh3 e4 40. Bg4 Kg7 41. Kh4 Kf6 42. Rb2 a4 43. Rb6+ Ke5 44. h6 Nd5 45. h7 Rc8 46.
Bxc8 1-0

[Event "*** Titled Tuesday Blitz"]
[Site "Chess.com"]
[Date "2021.04.27"]
[Round "8"]
[White "Konavets"]
[Black "Bigfish1995"]
[Result "1-0"]
[WhiteElo "2968"]
[BlackElo "2996"]
[TimeControl "180+1"]
[EndTime "11:27:27 PDT"]
[Termination "Konavets won by resignation"]

1. e4 c6 2. d4 d5 3. e5 Bf5 4. h4 h5 5. Bg5 Qb6 6. Bd3 Bxd3 7. Qxd3 e6 8. Nd2 Na6 9. Ngf3 Qb5 10. c4 dxc4 11.
Nxc4 Nb4 12. Qe2 Nh6 13. O-O Nf5 14. g3 Be7 15. Bxe7 Kxe7 16. a4 Qa6 17. b3 Rad8 18. Qb2 Nd5 19. Qa3+ Ke8 20. Rfd1 f6 21. Rac1 Kf7 22.
Qb2 Rhe8 23. Qe2 Kg8 24. Nh2 fxe5 25. dxe5 c5 26. Qxh5 Nd4 27. Rxd4 cxd4 28. Nf3 Re7 29. Ng5 g6 30. Qxg6+ Rg7 31. Qxe6+ Qxe6 32. Nxe6 Nc3 33.
Kf1 Rd5 34. Nxg7 Kxg7 35. f4 Kg6 36. Kf2 Ne4+ 37. Kf3 Nc5 38. Nd2 a5 39. g4 b6 40.
f5+ Kf7 41. e6+ Ke7 42. Ne4 Nxb3 43. Rc7+ Kd8 44. e7+ Kxc7 45. e8=Q d3 46. Qf7+ 1-0

[Event "*** Titled Tuesday Blitz"]
[Site "Chess.com"]
[Date "2021.04.27"]
[Round "8"]
[White "alexrustemov"]
[Black "Dyadya81"]
[Result "1-0"]
[WhiteElo "2623"]
[BlackElo "2712"]
[TimeControl "180+1"]
[EndTime "11:27:27 PDT"]
[Termination "alexrustemov won by resignation"]

1. d4 Nf6 2. c4 g6 3. Nf3 Bg7 4. g3 d6 5. Bg2 O-O 6. Nc3 c6 7. O-O Nbd7 8. e4 e5 9. h3 exd4 10. Nxd4 Qb6 11. Nc2 Qc7 12. b3 Re8 13. Re1 b6 14. Bb2 Bb7 15. Qd2 a6 16. Rad1 Re6 17. Nd4 Re7 18. Nde2 b5 19. Qxd6 Qxd6 20. Rxd6 b4 21.
Na4 Ne8 22. Rxd7 Rxd7 23. Bxg7 Nxg7 24. Nb6 Rd2 25. Nxa8 Bxa8 26. e5 Ne6 27. f4 Rxa2 28. g4 a5 29. f5 gxf5 30. gxf5 Nc5 31. Nd4 Nd3 32. Re3 Nf4 33. Bxc6 Bxc6 34. Nxc6 a4 35. bxa4 Ra3 36. Rxa3 bxa3 37. Nb4 Nd3 38. Na2 Nxe5 39. c5 Nc6 40. Kf2 Kg7 41. Ke3 Kf6 42. Ke4 h5 43. h4 Na5 44. Nc3 Nb7 45. Kd5 Kxf5 46. c6 Nd8 47. c7 Ne6 48. c8=Q Kg4 49. Qc4+ Kh3 50. a5 a2 51. Nxa2 1-0

[Event "*** Titled Tuesday Blitz"]
[Site "Chess.com"]
[Date "2021.04.27"]
[Round "8"]
[White "Abund"]
[Black "rpragchess"]
[Result "1-0"]
[WhiteElo "2770"]
[BlackElo "2893"]
[TimeControl "180+1"]
[EndTime "11:27:28 PDT"]
[Termination "Abund won by checkmate"]

1. e4 c5 2. Nf3 Nc6 3. Bb5 e6 4.
O-O Nge7 5. d4 cxd4 6. Nxd4 Qb6 7. Nxc6 bxc6 8. Bd3 Ng6 9. Nd2 Qc7 10. c4 Bc5 11.
Nb3 Bd6 12. g3 c5 13. f4 Bb7 14.
Qe2 h5 15. h4 Be7 16. Bd2 d6 17. Na5 Rb8 18. Nxb7 Qxb7 19. Bc3 e5 20. Bc2 exf4 21. gxf4 Nxh4 22. e5 Rh6 23. Be4 Qd7 24. Kh2 Kf8 25. Rg1 Re8 26. Rxg7 Kxg7 27. e6+ Bf6 28. exd7 Rd8 29.
Rg1+ Kf8 30. Qf2 Rxd7 31. Bxf6 Rxf6 32. Qxh4 Re6 33. Bd5 Re2+ 34. Rg2 Rde7 35. Qxh5 Rxg2+ 36. Kxg2 Ke8 37. Qf3 Kd7 38. Kf2 Kc7 39. Qh3 f5 40. Qh4 Re8 41. Qf6 a6 42. Qxf5 Kb6 43. Qd7 Rb8 44.
Qxd6+ Ka5 45. Qxc5+ Ka4 46. Qa3# 1-0

[Event "*** Titled Tuesday Blitz"]
[Site "Chess.com"]
[Date "2021.04.27"]
[Round "8"]
[White "Pelopidass"]
[Black "Chernov_Alexander_A"]
[Result "1-0"]
[WhiteElo "2542"]
[BlackElo "2330"]
[TimeControl "180+1"]
[EndTime "11:27:28 PDT"]
[Termination "Pelopidass won by resignation"]

1. e4 c6 2. Nf3 d5 3. Nc3 Bg4 4. h3 Bxf3 5. Qxf3 Nf6 6. d3 e6 7. Be2 Bb4 8. O-O Nbd7 9. Qg3 g6 10. e5 Ng8 11. d4 h5 12. Bg5 Be7 13. f4 Nh6 14. Bd3 Nf8 15. Qe3 Nf5 16. Bxf5 gxf5 17.
Na4 Ng6 18. Bxe7 Qxe7 19. Nc5 b6 20. Nd3 Kf8 21. a4 Kg7 22. a5 Rhc8 23. b4 Rab8 24.
Kf2 Qh4+ 25. Ke2 Qe7 26. Qf3 h4 27. c3 c5 28. dxc5 bxc5 29. Nxc5 Rxc5 30. bxc5 Rb2+ 31. Ke1 Qxc5 32. Rd1 Qc4 33. Rf2 Rxf2 34. Kxf2 Nxf4 35. Rd4 Qa2+ 36. Kf1 Ng6 37. Qe2 Qxa5 38. Rb4 Qc5 39. Qd3 Nf4 40. Rxf4 Qa3 41. Rxh4 Qc1+ 42. Kf2 Qg5 43.
Qg3 1-0

[Event "*** Titled Tuesday Blitz"]
[Site "Chess.com"]
[Date "2021.04.27"]
[Round "8"]
[White "monalize"]
[Black "djano"]
[Result "1-0"]
[WhiteElo "2397"]
[BlackElo "2475"]
[TimeControl "180+1"]
[EndTime "11:27:29 PDT"]
[Termination "monalize won on time"]

1. e4 c6 2. Nc3 d5 3. d4 dxe4 4. Nxe4 Bf5 5. Ng3 Bg6 6. Nh3 Nf6 7. Nf4 e5 8. dxe5 Qa5+ 9. c3 Qxe5+ 10. Be2 Nbd7 11.
O-O Bc5 12. Nd3 Qc7 13. Nxc5 Nxc5 14. Re1 O-O 15. Qd4 Ne6 16. Qh4 Rad8 17. Be3 Nd5 18. Bg5 Nxg5 19. Qxg5 Qf4 20. h4 Qxg5 21. hxg5 Nf4 22.
Bf3 Rd2 23. b3 Ne6 24. Re5 Rfd8 25. b4 Rc2 26. Re3 Nxg5 27. Bg4 Ne6 28. a4 Nc7 29.
Re7 Nd5 30. Rxb7 a6 31. b5 axb5 32. a5 Nxc3 33. a6 f5 34. Bf3 Ra2 35. Rxa2 Nxa2 36. a7 Be8 37. Rb8 1-0